AoeStats
← Efthiron

Arabia

504335560Analyzed
1v1 RM · 29d ago on Sep 4, 2026· 37m 35s· 2 players
Game mode
Random Map
Map size
Tiny (2 player)
Population
200
Speed
Normal
Resources
Standard
Victory
Conquest
Starting age
Dark Age
Ending age
Imperial Age
RankedLock teamsTeams togetherTeam positionsShared explorationLock speedFull tech treeHidden civsTurbo modeCheats
Victory
Defeat
🇦🇷 Maya · Argentina
1294
+15
🇲🇽 Mongols · Mexico
1265
-15
Efthiron
5:33 Loom
8:31 Feudal Age
9:00 Double-Bit Axe
14:08 Padded Archer Armor
15:43 Fletching
17:15 Wheelbarrow
21:21 Castle Age
19:50 Forging
19:48 Scale Barding Armor
21:05 Bloodlines
21:21 Gold Mining
22:35 Bow Saw
23:56 Town Watch
31:58 Hand Cart
garciaezequiel91
0:25 Loom
9:14 Feudal Age
10:28 Double-Bit Axe
12:27 Town Watch
13:51 Fletching
21:23 Castle Age
19:47 Padded Archer Armor
20:24 Horse Collar
20:38 Gold Mining
21:25 Crossbowman
22:37 Bodkin Arrow
23:24 Bow Saw
24:33 Ballistics
25:09 Leather Archer Armor
36:01 Imperial Age
35:07 Stone Mining
35:56 Thumb Ring
37:04 Bracer
36:53 Arbalester
Connection lost

Rejoining the realm…

Still unreachable

The connection could not be restored.

Session expired

The server has moved on; the page needs a fresh start.